Map: 2000 Atmospheres LE

Players

Elazer - Winner!

  • Race: Zerg Zerg

PtitDrogo

  • Race: Protoss Protoss

Event: DreamHack SC2 Masters 2021 Fall

VOD

Have the link to the VOD?

Description

Time

  • Played on: Aug. 7, 2021, 11:54 a.m.
  • Length: 13:17

All games in this series

Show
View Real Time Build Order
Export as new Build Order

Elazer Zerg - Winner!

Build Orders: Hatch First 

Get SALT Encoding   

  12  0:00  Drone  
  13  0:12  Overlord  
  13  0:16  Drone  
  14  0:30  Drone x2  
  16  0:49  Hatchery  
  15  0:51  Drone  
  15  0:55  Drone  
  17  0:57  Drone  
  18  1:12  Spawning Pool  
  18  1:16  Extractor  
  18  1:17  Drone  
  17  1:19  Drone  
  18  1:27  Drone  
  19  1:38  Drone  
  20  1:48  Overlord  
  20  1:59  Queen  
  20  2:01  Queen, Drone  
  24  2:02  Zergling x2  
  26  2:10  Zergling x2  
  26  2:11  Drone  
  28  2:17  Metabolic Boost  
  28  2:21  Drone  
  29  2:23  Drone  
  30  2:31  Drone  
  30  2:33  Drone  
  32  2:38  Queen  
  32  2:42  Zergling x2  
  32  2:43  Overlord  
  35  2:52  Hatchery  
  34  2:59  Zergling x2  
  34  3:00  Zergling x2  
  36  3:07  Drone  
  36  3:09  Drone x3  
  36  3:11  Drone x3  
  42  3:16  Overlord  
  42  3:22  Queen  
  43  3:29  Spore Crawler  
  43  3:31  Drone  
  43  3:34  Queen  
  43  3:36  Drone x2  
  43  3:40  Drone x2  
  49  3:43  Drone  
  49  3:48  Drone  
  51  3:49  Overlord  
  51  4:04  Spore Crawler, Drone x5  
  51  4:06  Drone  
  56  4:10  Overlord  
  56  4:14  Drone x4  
  56  4:15  Drone x2  
  56  4:16  Drone  
  63  4:21  Drone x3  
  65  4:27  Queen  
  66  4:33  Drone x3  
  66  4:37  Extractor  
  66  4:38  Roach Warren  
  67  4:39  Drone  
  67  4:42  Drone x4  
  72  4:45  Extractor  
  72  4:49  Overlord  
  71  4:53  Spore Crawler  
  71  4:54  Lair  
  71  4:55  Drone x3  
  73  5:00  Overlord  
  72  5:13  Zergling x6  
  72  5:14  Zergling x2  
  76  5:15  Drone x5  
  76  5:19  Extractor, Queen  
  82  5:24  Hatchery, Overlord  
  82  5:25  Drone x5  
  86  5:33  Drone x3  
  89  5:37  Extractor  
  89  5:39  Overlord  
  89  5:40  Drone, Overlord  
  89  5:42  Extractor  
  88  5:45  Drone x3  
  88  5:46  Drone x2  
  93  5:50  Evolution Chamber, Overlord  
  93  5:55  Drone x5  
  88  6:05  Glial Reconstitution  
  88  6:06  Drone x4, Overlord  
  88  6:11  Overlord  
  92  6:12  Drone x3, Infestation Pit  
  94  6:22  Drone x4  
  98  6:26  Roach x2  
  98  6:31  Roach x3  
  110  6:33  Roach  
  110  6:39  Roach x6  
  122  6:42  Spore Crawler  
  122  6:46  Zerg Missile Weapons Level 1, Overlord  
  120  6:50  Roach x6  
  120  6:53  Hive  
  131  6:55  Ravager x2  
  131  6:59  Roach x4  
  141  7:07  Overlord  
  141  7:10  Roach x5  
  141  7:14  Drone, Overlord  
  141  7:15  Baneling Nest, Overlord x2  
  148  7:23  Drone x2  
  148  7:24  Drone  
  151  7:30  Drone  
  151  7:31  Drone x4  
  151  7:32  Zergling x6  
  151  7:36  Zergling x2  
  151  7:37  Zergling x10  
  165  7:38  Hatchery  
  164  7:48  Drone x2, Spine Crawler  
  164  7:49  Zergling x2, Spine Crawler  
  164  7:50  Zergling x12  
  170  7:57  Extractor, Drone x3  
  170  7:58  Extractor, Drone x2  
  173  7:59  Drone  
  173  8:01  Centrifical Hooks  
  173  8:06  Overlord  
  173  8:10  Zergling x10  
  173  8:11  Zergling x2  
  177  8:15  Drone x2  
  177  8:17  Viper x2, Adrenal Glands  
  177  8:19  Overlord x2  
  183  8:24  Spire  
  182  8:28  Drone  
  183  8:38  Evolution Chamber  
  183  8:40  Zerg Melee Weapons Level 1  
  182  8:44  Drone x2, Spine Crawler  
  182  8:45  Spine Crawler x2  
  182  8:46  Drone x6, Spine Crawler  
  182  8:47  Zergling x14, Spine Crawler  
  192  8:55  Overlord  
  192  9:01  Baneling x12  
  192  9:02  Baneling x3  
  192  9:07  Baneling x10  
  192  9:08  Baneling x12  
  192  9:19  Zergling x2  
  192  9:20  Zergling x12  
  192  9:21  Baneling x8  
  192  9:22  Baneling x4  
  199  9:32  Zergling x2  
  199  9:35  Baneling x4  
  198  9:42  Greater Spire  
  198  9:45  Corruptor  
  199  9:48  Zergling x2  
  200  9:53  Baneling x15  
  200  9:54  Baneling  
  200  9:56  Spine Crawler  
  200  9:57  Spine Crawler  
  200  9:59  Spine Crawler  
  189  10:00  Zergling x22, Spine Crawler  
  194  10:10  Zerg Missile Weapons Level 2  
  194  10:11  Zergling x2  
  194  10:12  Zergling x14  
  199  10:18  Spine Crawler  
  199  10:20  Baneling x9, Spine Crawler x2  
  199  10:21  Baneling x15, Spine Crawler  
  195  10:24  Zergling x2  
  195  10:25  Zergling x8  
  199  10:34  Baneling x16  
  195  10:47  Zergling x8  
  175  10:58  Zergling x20  
  175  10:59  Zergling x14  
  176  11:04  Roach x7  
  176  11:10  Roach  
  176  11:11  Roach x4  
  191  11:17  Zergling x14  
  184  11:26  Zergling x12  
  171  11:38  Zergling x12  
  168  11:43  Zergling x4  
  168  11:44  Zergling x2  
  167  11:53  Zergling x22  
  177  11:59  Ravager x2  
  178  12:06  Baneling x14  
  174  12:16  Zergling x26  
  187  12:24  Baneling x9  
  187  12:27  Baneling x12  
  187  12:28  Zergling x10, Baneling x5  
  187  12:29  Zergling x4  
  194  12:34  Zergling x10  
  199  12:45  Baneling x16  
  197  12:58  Zergling x30  
Show
View Real Time Build Order
Export as new Build Order

PtitDrogo Protoss 

Build Orders: 1 Gate Expand, Oracle Opening 

Get SALT Encoding   

  12  0:00  Probe  
  13  0:12  Probe  
  14  0:19  Pylon  
  14  0:24  Probe  
  15  0:37  Probe (Chrono Boost)  
  15  0:40  Gateway  
  16  0:46  Probe (Chrono Boost)  
  17  0:50  Assimilator  
  17  0:52  Probe  
  18  1:04  Probe  
  19  1:16  Probe  
  20  1:26  Nexus  
  20  1:39  Cybernetics Core  
  20  1:42  Probe  
  20  1:46  Assimilator  
  21  1:54  Probe  
  22  1:56  Pylon  
  22  2:06  Probe  
  23  2:12  Adept (Chrono Boost)  
  25  2:18  Probe  
  25  2:20  Stargate  
  26  2:28  Warp Gate  
  26  2:31  Probe (Chrono Boost)  
  26  2:32  Adept (Chrono Boost)  
  29  2:39  Probe (Chrono Boost)  
  31  2:48  Probe (Chrono Boost)  
  31  2:49  Probe (Chrono Boost)  
  32  2:54  Probe x2 (Chrono Boost)  
  32  2:55  Adept  
  36  3:08  Oracle (Chrono Boost)  
  36  3:09  Probe  
  40  3:14  Pylon  
  40  3:17  Probe  
  41  3:21  Gateway, Probe  
  42  3:29  Probe  
  43  3:36  Oracle (Chrono Boost)  
  43  3:38  Probe  
  47  3:42  Pylon  
  47  3:43  Probe  
  48  3:50  Probe  
  49  3:56  Nexus  
  49  3:58  Probe  
  49  4:02  Probe  
  51  4:05  Oracle  
  51  4:07  Pylon  
  54  4:10  Probe (Chrono Boost)  
  54  4:11  Assimilator  
  54  4:15  Assimilator  
  56  4:18  Adept  
  56  4:21  Adept, Probe (Chrono Boost)  
  61  4:25  Probe (Chrono Boost)  
  61  4:29  Probe (Chrono Boost)  
  62  4:32  Probe  
  63  4:40  Probe  
  63  4:44  Probe  
  65  4:45  Twilight Council  
  65  4:46  Forge  
  65  4:52  Probe  
  66  4:53  Gateway  
  66  4:54  Gateway  
  66  4:56  Probe  
  68  5:07  Probe (Chrono Boost)  
  68  5:08  Probe (Chrono Boost)  
  68  5:09  Probe (Chrono Boost)  
  68  5:12  Sentry x2  
  74  5:18  Probe (Chrono Boost)  
  74  5:19  Probe (Chrono Boost)  
  74  5:20  Probe (Chrono Boost)  
  77  5:23  Probe x2 (Chrono Boost)  
  79  5:28  Shield Battery  
  79  5:29  Probe (Chrono Boost)  
  79  5:30  Pylon  
  79  5:34  Probe (Chrono Boost)  
  82  5:36  Gateway  
  82  5:38  Gateway  
  82  5:39  Probe (Chrono Boost)  
  82  5:40  Blink  
  82  5:41  Sentry  
  85  5:43  Robotics Facility  
  85  5:45  Protoss Ground Weapons Level 1 (Chrono Boost)  
  85  5:46  Probe (Chrono Boost)  
  85  5:49  Probe (Chrono Boost)  
  87  5:51  Probe (Chrono Boost)  
  87  5:53  Probe (Chrono Boost)  
  87  5:55  Probe  
  89  6:00  Probe  
  90  6:05  Probe  
  90  6:07  Assimilator x2  
  90  6:08  Pylon  
  90  6:10  Gateway  
  92  6:11  Gateway  
  92  6:13  Gateway  
  92  6:18  Pylon  
  93  6:23  Sentry  
  93  6:30  Probe  
  93  6:32  Observer (Chrono Boost)  
  95  6:35  Stalker x3  
  95  6:36  Stalker x2  
  95  6:37  Pylon  
  105  6:44  Warp Prism (Chrono Boost)  
  107  6:51  Robotics Bay  
  105  6:55  Stalker  
  105  6:58  Pylon  
  105  6:59  Pylon  
  107  7:03  Nexus  
  107  7:04  Stalker x4  
  115  7:14  Probe x2  
  117  7:18  Immortal (Chrono Boost)  
  121  7:27  Robotics Facility  
  121  7:33  Probe  
  121  7:35  Photon Cannon  
  122  7:38  Photon Cannon  
  122  7:41  Shield Battery  
  122  7:44  Charge, Templar Archives  
  122  7:46  Disruptor (Chrono Boost)  
  122  7:47  Gateway x2  
  122  7:49  Assimilator  
  125  7:52  Pylon  
  125  7:54  Zealot x4  
  133  7:58  Pylon  
  133  8:04  Pylon  
  133  8:12  Probe x2  
  131  8:15  Disruptor (Chrono Boost)  
  131  8:19  Probe  
  135  8:23  Disruptor (Chrono Boost)  
  134  8:29  Probe x2  
  136  8:36  Assimilator  
  136  8:41  Zealot x5  
  136  8:42  High Templar x3  
  136  8:43  Disruptor (Chrono Boost), High Templar  
  136  8:44  High Templar, Zealot  
  136  8:45  Probe  
  136  8:46  Pylon  
  136  8:47  Pylon, Archon x2  
  162  8:53  Protoss Ground Weapons Level 2  
  162  8:54  Probe  
  163  8:57  Pylon  
  163  9:00  Pylon  
  163  9:05  Disruptor (Chrono Boost)  
  163  9:08  Photon Cannon  
  166  9:10  Photon Cannon  
  166  9:12  High Templar  
  166  9:16  Disruptor (Chrono Boost)  
  171  9:17  Archon  
  171  9:20  Probe  
  172  9:30  Stalker x2  
  176  9:31  Zealot  
  176  9:33  Immortal (Chrono Boost)  
  176  9:38  Probe  
  183  9:44  High Templar x2  
  183  9:45  Zealot x4  
  199  9:50  Archon  
  199  9:55  Pylon  
  199  9:56  Gateway x2, Probe  
  199  9:57  Assimilator, Probe x3  
  183  10:00  Stalker x4  
  183  10:06  Immortal (Chrono Boost)  
  191  10:08  Probe  
  191  10:09  Probe x2  
  191  10:10  Probe  
  191  10:12  Pylon  
  186  10:21  Probe  
  187  10:25  Pylon, Stalker  
  186  10:29  Probe x2  
  185  10:37  High Templar x3  
  185  10:38  High Templar, Zealot x3  
  185  10:40  Probe  
  200  10:44  Archon x2  
  200  10:49  Stalker  
  199  10:55  Stalker x3  
  148  11:05  High Templar  
  148  11:06  High Templar, Zealot  
  148  11:07  Probe x2  
  154  11:14  Zealot x5  
  154  11:15  Archon  
  146  11:32  Zealot x4  
  137  11:35  Disruptor x2 (Chrono Boost)  
  112  11:48  Probe x2  
  110  11:57  Zealot x4  
  110  11:58  Zealot x2  
  122  12:02  Disruptor x2 (Chrono Boost), High Templar x3  
  122  12:03  High Templar  
  122  12:07  Archon x2  
  134  12:18  Probe  
  125  12:29  Disruptor x2 (Chrono Boost), High Templar x2, Zealot x4  
  135  12:33  Archon  
  138  12:40  Probe  

Tags
 
Add a new tag
Caveats
  • Supply blocks, unpowered buildings, or Contaminate may cause inaccurate times.
  • Supply counts are checked every 10 seconds.